 Dungeon Crawl Stone Soup version 0.29-a0-284-gf9362112df (webtiles) character file.

Game seed: 16193539795019190526

492141 Vomitron the Slayer (level 23, -3/232 HPs)
             Began as a Minotaur Gladiator on Mar 14, 2022.
             Was a High Priest of Okawaru.
             Slain by a green draconian monk (20 damage)
             ... on level 3 of the Realm of Zot on Mar 16, 2022.
             The game lasted 04:15:59 (90457 turns).

Vomitron the Slayer (Minotaur Gladiator)           Turns: 90457, Time: 04:16:00

Health: -3/232     AC: 42    Str: 24    XL:     23   Next: 60%
Magic:  32/32      EV: 14    Int:  7    God:    Okawaru [*****.]
Gold:   2846       SH:  0    Dex: 16    Spells: 22/22 levels left

rFire   + . .      SeeInvis +   h - +8 storm bow {elec, penet}
rCold   + + .      Faith    +   (shield currently unavailable)
rNeg    . . .      Spirit   .   T - +9 gold dragon scales
rPois   +          Reflect  .   c - +2 hat {SInv}
rElec   .          Harm     .   t - +2 cloak {Will+}
rCorr   .          Rampage  .   a - +2 pair of gloves
Will    +++..                   J - +0 pair of boots
Stlth   ..........              P - amulet of faith
HPRegen 0.48/turn               n - ring of willpower
MPRegen 0.23/turn               u - ring of protection from cold

@: no status effects
A: horns 2, retaliatory headbutt
}: 3/15 runes: barnacled, silver, gossamer
a: Renounce Religion, Heroism, Finesse, Duel


You were on level 3 of the Realm of Zot.
You worshipped Okawaru.
Okawaru was extremely pleased with you.
You visited 8 branches of the dungeon, and saw 43 of its levels.
You visited 3 bazaars.
You also visited: Ice Cave.

You collected 6151 gold pieces.
You spent 3305 gold pieces at shops.

Inventory:

Hand Weapons
 h - the +8 storm bow (weapon) {elec, penet}
   (You bought it in a shop in a bazaar)

   Any ammunition fired from it occasionally discharges a powerful burst of
   electricity upon striking a foe.
   Any ammunition fired by it passes through the targets it hits, potentially
   hitting all targets in its path until it reaches maximum range.
 p - the +6 shortbow of Prescription {flame, +Blink rN+++ Str-3 Dex+4}
   (Okawaru gifted it to you on level 2 of the Realm of Zot)

   Any ammunition fired from it burns those it strikes, dealing additional fire
   damage.
   Str:       It affects your strength (-3).
   Dex:       It affects your dexterity (+4).
   rN:        It renders you almost immune to negative energy.
   +Blink:    It lets you blink.
 r - a +9 demon blade of freezing
 s - the +3 Elemental Staff {rElec rF++ rC++ AC+5}
   (You took it off a deep elf annihilator on level 5 of the Vaults)

   If the wielder is skilled in Evocations, they can discharge powerful blasts
   of elemental energy when striking with it.
   It enhances your fire, ice, earth and air magic.
   AC:        It affects your AC (+5).
   rF:        It greatly protects you from fire.
   rC:        It greatly protects you from cold.
   rElec:     It insulates you from electricity.
 O - the +5 mace "Toxt" {venom, rElec rN+++ Int-4 Dex-2}
   (You found it on level 5 of the Dungeon)

   It poisons the flesh of those it strikes.
   Int:       It affects your intelligence (-4).
   Dex:       It affects your dexterity (-2).
   rElec:     It insulates you from electricity.
   rN:        It renders you almost immune to negative energy.
Missiles
 b - 25 curare-tipped darts
 d - 3 throwing nets
 e - 20 silver javelins
Armour
 a - a +2 pair of gloves (worn)
 c - a +2 hat of see invisible (worn)
 t - a +2 cloak of willpower (worn)
 J - a +0 pair of boots (worn)
 T - +9 gold dragon scales (worn)
 V - the +1 leather armour of Grace {rF+ rC+ MP+9}
   (You found it on level 2 of the Lair of Beasts)

   rF:        It protects you from fire.
   rC:        It protects you from cold.
   MP:        It affects your magic capacity (+9).
Jewellery
 m - a +4 ring of protection
 n - a ring of willpower (left hand)
 u - a ring of protection from cold (right hand)
 P - an amulet of faith (around neck)
 R - a +4 ring of protection
 S - a ring of willpower
Wands
 f - a wand of digging (18)
 v - a wand of iceblast (14)
 A - a wand of paralysis (24)
 F - a wand of polymorph (12)
 L - a wand of flame (76)
 W - a wand of acid (7)
 X - a wand of mindburst (16)
Scrolls
 j - 10 scrolls of blinking
 y - 16 scrolls of teleportation
 B - 21 scrolls of identify
 E - 2 scrolls of silence
 I - 2 scrolls of holy word
 Q - 4 scrolls of fog
 Y - a scroll of fear
Potions
 g - a potion of ambrosia
 k - 3 potions of invisibility
 o - 10 potions of magic
 q - 6 potions of brilliance
 w - 10 potions of haste
 x - 11 potions of might
 z - 9 potions of heal wounds
 D - 18 potions of curing
 G - 4 potions of resistance
 H - 10 potions of attraction
 K - 7 potions of mutation
 M - 6 potions of cancellation
 N - 5 potions of flight
 U - 7 potions of berserk rage
 Z - 4 potions of lignification
Miscellaneous
 i - a lightning rod (4/4)
 C - a condenser vane


   Skills:
 * Level 24.5 Fighting
 - Level 16.9 Long Blades
 - Level 7.6 Staves
 - Level 22.0 Bows
 - Level 4.2 Throwing
 + Level 18.8 Armour
 + Level 19.9 Dodging
 - Level 14.4 Invocations
 * Level 10.0 Evocations


You had 22 spell levels left.
You didn't know any spells.
Your spell library contained the following spells:

 Spells                   Type           Power      Damage    Failure   Level
 Magic Dart               Conj           0%         1d3       100%        1
 Sting                    Tmut/Pois      0%         1d3       100%        1
 Corpse Rot               Necr/Air       0%         N/A       100%        2
 Ensorcelled Hibernation  Hex/Ice        0%         N/A       100%        2
 Passwall                 Tmut/Erth      0%         N/A       100%        2
 Poisonous Vapours        Pois/Air       0%         N/A       100%        2
 Scorch                   Fire           0%         2d5       100%        2
 Searing Ray              Conj           0%         2d4       100%        2
 Sublimation of Blood     Necr           0%         N/A       100%        2
 Wereblood                Tmut           0%         N/A       100%        2
 Confusing Touch          Hex            0%         N/A       100%        3
 Dazzling Flash           Conj/Hex       0%         N/A       100%        3
 Gell's Gravitas          Tloc           0%         N/A       100%        3
 Inner Flame              Hex/Fire       0%         N/A       100%        3
 Mephitic Cloud           Conj/Pois/Air  0%         N/A       100%        3
 Portal Projectile        Hex/Tloc       0%         N/A       100%        3
 Stone Arrow              Conj/Erth      0%         3d7       100%        3
 Swiftness                Air            0%         N/A       100%        3
 Teleport Other           Tloc           0%         N/A       100%        3
 Cause Fear               Hex            0%         N/A       100%        4
 Dispel Undead            Necr           0%         3d6       100%        4
 Flame Wave               Conj/Fire      0%         2d4       100%        4
 Fulminant Prism          Conj/Hex       0%         3d6       100%        4
 Olgreb's Toxic Radiance  Pois           0%         N/A       100%        4
 Dispersal                Tloc           0%         N/A       100%        6
 Statue Form              Tmut/Erth      0%         N/A       100%        6
 Discord                  Hex            0%         N/A       100%        8
 Ignition                 Fire           0%         3d3       100%        8
 Shatter                  Erth           0%         3d5*      100%        9
 Summon Guardian Golem    Hex/Summ       Unusable   N/A       N/A         3
 Summon Mana Viper        Hex/Summ       Unusable   N/A       N/A         5
 Death Channel            Necr           Unusable   N/A       N/A         6
 Summon Hydra             Summ           Unusable   N/A       N/A         7

Dungeon Overview and Level Annotations

Branches:
Dungeon (15/15)            Temple (0/1) D:7            Lair (6/6) D:10
 Shoals (4/4) Lair:4       Spider (4/4) Lair:2        Slime (0/5) Lair:5
    Orc (2/2) D:11            Elf (0/3) Orc:2        Vaults (5/5) D:13
  Crypt (0/3) Vaults:3     Depths (4/4) D:15            Zot (3/5) Depths:4
  IceCv (visited)

Altars:
Ashenzari
Gozag
Kikubaaqudgha
Makhleb
Okawaru
Uskayaw
Xom
Yredelemnul
The Shining One
Beogh
Jiyva

Shops:
Orc:2 :??(   Vaults:4 *   Depths:1 *

Portals:
Hell: Depths:1 Depths:2 Depths:3 Depths:4
Pandemonium: Depths:1 Depths:2 Depths:4
Ziggurat: Depths:2

Annotations:
D:14 Roxanne
Lair:5 2 runed translucent doors, exclusion: 2 downstairs, Muulud's ghost, journeyman SpBe
Lair:6 exclusion: oklob plant
Spider:4 1 exclusion
Depths:3 1 runed translucent door, Muhabiwk's ghost, adept GnBr
Zot:2 exclusion: electric golem


Innate Abilities, Weirdness & Mutations

You have a pair of horns on your head.
You reflexively headbutt those who attack you in melee.


Message History

The arrow barely misses the green draconian monk.
The arrow completely misses the white draconian stormcaller.
The green draconian monk hits you but does no damage.
The green draconian monk kicks you but does no damage.
The green draconian monk tail-slaps you but does no damage. x2
The white draconian stormcaller mumbles some strange prayers to Qazlal.
The green draconian monk hits you!!
* * * LOW HITPOINT WARNING * * *
The green draconian monk kicks you but does no damage.
The green draconian monk barely misses you.
The green draconian monk tail-slaps you but does no damage.
Unknown command.
Unknown command.
Okay, then.
You feel much better.
The swamp drake disappears in a puff of smoke!
The green draconian monk hits you.
* * * LOW HITPOINT WARNING * * *
The green draconian monk barely misses you.
The green draconian monk tail-slaps you but does no damage.
The green draconian monk tail-slaps you.
* * * LOW HITPOINT WARNING * * *
The wind drake flaps its wings at you. The air twists around and strikes you.
Unknown command.
You feel much better. The green draconian monk hits you!
* * * LOW HITPOINT WARNING * * *
The green draconian monk kicks you but does no damage.
The green draconian monk tail-slaps you but does no damage.
The green draconian monk tail-slaps you.
* * * LOW HITPOINT WARNING * * *
The green draconian monk hits you!!
* * * LOW HITPOINT WARNING * * *
The green draconian monk kicks you!
* * * LOW HITPOINT WARNING * * *
The green draconian monk tail-slaps you but does no damage.
The green draconian monk tail-slaps you!
* * * LOW HITPOINT WARNING * * *
You feel much better. The green draconian monk hits you!!
You die...

###...##.#.....#.k[..
#####..##...## ...
#........#### ##'##
#......##...###...##
#......#.....#.....#
#.....##.....#k.)†.#
#..... #.....#k○...#
#..... ##...#q#...#.#
#..... #####@#####..#
#.......## #########


You could see a green draconian monk (berserk), a wind drake (summoned, repels
missiles) and a swamp drake (summoned).

Vanquished Creatures
  2 dread liches (Vaults:5)
  An ancient lich (Vaults:5)
  Margery (Vaults:3)
  5 golden dragons
  4 caustic shrikes (Depths:4)
  Jory (Vaults:3)
  Arachne (Spider:3)
  2 electric golems
  Rupert (Orc:2)
  Zenata (Vaults:2)
  9 tentacled monstrosities
  5 titans
  A lich (Depths:2)
  5 quicksilver dragons
  Polyphemus (Shoals:4)
  3 shadow dragons
  9 sphinxes
  4 tengu reavers (Vaults:5)
  4 death cobs
  4 storm dragons
  8 fire giants
  Donald (Vaults:3)
  2 iron dragons
  A draconian knight (Depths:4)
  A deep elf sorcerer (Vaults:5)
  20 vault wardens
  5 frost giants
  A balrug (Depths:1)
  9 emperor scorpions
  A cacodemon (Depths:2)
  2 draconian scorchers
  3 orc warlords
  3 ghost moths
  2 draconian stormcallers
  A draconian shifter (Zot:3)
  2 draconian annihilators
  A broodmother (Spider:2)
  11 ironbound thunderhulks
  26 very ugly things
  7 war gargoyles
  17 ironbound preservers
  2 spriggan defenders
  17 stone giants
  4 vampire knights
  An eleionoma (shapeshifter) (Depths:4)
  A deep elf annihilator (Vaults:5)
  2 green draconians (Depths:4)
  4 black draconians
  A white draconian (Zot:2)
  3 yellow draconians
  5 entropy weavers
  2 minotaurs (Shoals:4)
  12 dire elephants
  3 red draconians
  16 ettins
  8 spark wasps
  Snorg (Orc:1)
  A crystal guardian (Vaults:4)
  4 merfolk javelineers
  4 merfolk impalers
  15 yaktaur captains
  5 fire dragons
  6 great orbs of eyes
  4 deep elf high priests (Vaults:5)
  7 hydras
  4 ice dragons
  6 ogre magi
  8 ironbound frosthearts
  42 vault guards
  A juggernaut simulacrum (Depths:1)
  4 radroaches
  9 boulder beetles
  2 jorogumos
  2 alligator snapping turtles
  6 peacekeepers
  A rakshasa (Depths:1)
  A spriggan skeleton (Depths:1)
  4 spriggan air magi
  3 centaur warriors
  2 catoblepae
  4 deep troll earth magi
  17 two-headed ogres
  9 death yaks
  A death knight (D:15)
  8 tengu warriors
  9 satyrs
  3 deep troll shamans
  7 orc high priests (Orc:2)
  9 hell hogs
  8 spriggan berserkers
  Urug (Orc:1)
  16 hell knights
  Sonja (Lair:5)
  A soul eater (Depths:1)
  Amaemon (Orc:1)
  3 iron trolls
  A deep elf knight (D:13)
  5 skeletal warriors (D:14)
  A sixfirhy (Depths:2)
  6 pharaoh ants
  55 deep trolls
  7 orb spiders
  12 sea snakes
  11 steelbarb worms
  14 orc knights
  8 wizards
  6 glowing orange brains
  3 spriggan simulacra (IceCv)
  A flayed ghost (Depths:2)
  16 ironbound convokers
  6 necromancers
  7 phantasmal warriors
  A stone giant zombie (Vaults:4)
  10 lindwurms
  6 mana vipers (Depths:3)
  2 orc sorcerers
  25 wolf spiders
  38 harpies
  9 cyclopes
  11 fauns
  43 ugly things
  2 deep elf pyromancers
  16 manticores
  A shining eye (shapeshifter) (Vaults:5)
  A sphinx skeleton (Depths:1)
  A salamander (Depths:2)
  18 moths of wrath
  6 elephants
  23 vault sentinels
  Maurice (Orc:2)
  11 cane toads
  8 water nymphs
  6 merfolk sirens
  3 black mambas
  7 torpor snails
  An ice statue (Spider:1)
  2 unseen horrors
  2 orange demons
  A yaktaur zombie (Vaults:4)
  7 komodo dragons
  2 hellions (Zot:1)
  7 freezing wraiths
  3 kobold demonologists (D:11)
  44 yaktaurs
  3 rime drakes
  A tengu conjurer (Depths:4)
  8 demonic crawlers
  4 ice devils
  4 hellwings
  8 trolls
  3 entropy weaver simulacra (IceCv)
  19 merfolk
  9 meliai
  6 polar bears
  6 wind drakes
  3 hornets
  10 blink frogs
  6 dream sheep (Lair:6)
  38 slime creatures
  An ettin zombie (Vaults:4)
  11 snapping turtles
  25 tarantellas
  2 human simulacra (Vaults:4)
  Sigmund (D:2)
  A dire elephant simulacrum (IceCv)
  23 jumping spiders
  A shadow (D:11)
  22 culicivoras
  6 wyverns
  A centaur simulacrum (D:14)
  2 vampires
  A spriggan (Depths:2)
  5 water elementals
  4 wraiths
  50 yaks
  2 basilisks
  11 minotaur simulacra (IceCv)
  8 vampire mosquitoes
  A steam dragon (Lair:3)
  59 redbacks
  7 wargs (Orc:2)
  An acid dragon (D:10)
  17 water moccasins
  21 orc warriors
  An ettin simulacrum (IceCv)
  4 black bears
  A sky beast (D:6)
  10 ogres
  15 wolves
  8 centaurs
  A phantom (D:5)
  A kobold brigand (D:10)
  A gnoll sergeant (D:13)
  A necrophage (D:8)
  10 bullfrogs
  5 deep troll simulacra (IceCv)
  4 scorpions
  7 wights
  13 killer bees
  2 electric eels (Lair:4)
  4 howler monkeys
  3 jellies (D:6)
  3 hounds
  32 orc priests
  4 gnoll shamans
  3 iguanas
  19 orc wizards
  19 gnolls
  5 adders
  2 shadow imps (D:7)
  A white imp (D:6)
  An ufetubus (D:5)
  3 dart slugs
  102 orcs
  9 endoplasms
  4 giant cockroaches
  6 goblins
  3 hobgoblins
  2 jackals (D:1)
  13 kobolds
  7 quokkas
  10 ball pythons
  3 bats
  2 frilled lizards
  6 rats
  A creeping inferno (Zot:1)
1748 creatures vanquished.

Vanquished Creatures (others)
  A jumping spider (Spider:1)
  A redback (Spider:3)
  39 fungi
  111 plants
152 creatures vanquished.

Grand Total: 1900 creatures vanquished

Notes
Turn   | Place    | Note
-------+----------+-------------------------------------------
     0 | D:1      | Vomitron the Minotaur Gladiator began the quest for the
                  | Orb.
     0 | D:1      | Reached XP level 1. HP: 18/18 MP: 0/0
   259 | D:1      | Reached XP level 2. HP: 25/25 MP: 1/1
   427 | D:1      | Reached skill level 1 in Armour
  1072 | D:1      | Reached XP level 3. HP: 30/30 MP: 2/2
  1084 | D:2      | Reached skill level 3 in Fighting
  1610 | D:2      | Noticed Sigmund
  1623 | D:2      | Killed Sigmund
  1624 | D:2      | Reached skill level 5 in Long Blades
  1624 | D:2      | Reached XP level 4. HP: 33/40 MP: 3/3
  1624 | D:2      | Reached XP level 5. HP: 39/46 MP: 4/4
  2111 | D:3      | Reached skill level 4 in Fighting
  2153 | D:3      | Reached XP level 6. HP: 52/52 MP: 5/5
  2938 | D:4      | Noticed a water moccasin
  2952 | D:4      | Killed a water moccasin
  3502 | D:4      | Reached XP level 7. HP: 60/60 MP: 6/6
  3645 | D:4      | Reached skill level 5 in Dodging
  3825 | D:5      | Entered Level 5 of the Dungeon
  3918 | D:5      | Noticed a wyvern
  3924 | D:5      | Killed a wyvern
  3925 | D:5      | Reached skill level 5 in Fighting
  4047 | D:5      | Identified the +5 mace "Toxt" {venom, rElec rN+++ Int-4
                  | Dex-2}
  4232 | D:5      | Reached XP level 8. HP: 55/69 MP: 7/7
  4770 | D:6      | Reached skill level 5 in Armour
  4860 | D:6      | Found a burning altar of Makhleb.
  4860 | D:6      | Found a faded altar of an unknown god.
  4866 | D:6      | Found a hide-covered altar of Uskayaw.
  4868 | D:6      | Found an iron altar of Okawaru.
  4871 | D:6      | Found a faded altar of an unknown god.
  4882 | D:6      | Became a worshipper of Warmaster Okawaru
  5134 | D:6      | Got the Guide on Intoxication and Hexes
  5224 | D:6      | Reached skill level 6 in Fighting
  5644 | D:7      | Reached * piety under Okawaru
  5687 | D:7      | Found a staircase to the Ecumenical Temple.
  5808 | D:7      | Found an opulent altar of Gozag.
  5844 | D:7      | Reached XP level 9. HP: 74/78 MP: 8/8
  5952 | D:7      | Reached skill level 1 in Invocations
  5986 | D:7      | Reached skill level 10 in Long Blades
  5992 | D:7      | Reached skill level 7 in Fighting
  6018 | D:7      | Reached ** piety under Okawaru
  6471 | D:8      | Noticed a five-headed hydra
  6544 | D:8      | Identified the ring of Zin's Favour {Int+6 Stlth+}
  7072 | D:8      | Killed a five-headed hydra
  7072 | D:8      | Reached *** piety under Okawaru
  7073 | D:8      | Reached skill level 8 in Fighting
  7073 | D:8      | Reached XP level 10. HP: 74/88 MP: 8/11
  7350 | D:9      | Found a glowing golden altar of the Shining One.
  8075 | D:9      | Found a shimmering altar of Xom.
  8217 | D:10     | Entered Level 10 of the Dungeon
  8217 | D:10     | Noticed a two-headed ogre
  8232 | D:10     | Killed a two-headed ogre
  8238 | D:10     | Noticed a death yak
  8254 | D:9      | Reached **** piety under Okawaru
  8549 | D:9      | Reached skill level 9 in Fighting
  8785 | D:10     | Reached skill level 5 in Invocations
  8802 | D:10     | Killed a death yak
  8805 | D:10     | Received a gift from Okawaru
  9186 | D:10     | Found a staircase to the Lair.
  9219 | D:10     | Noticed a two-headed ogre
  9233 | D:10     | Reached XP level 11. HP: 67/97 MP: 14/14
  9883 | D:10     | Killed a two-headed ogre
  9883 | D:10     | Reached ***** piety under Okawaru
 10142 | D:10     | Received a gift from Okawaru
 10605 | D:10     | Identified the +3 ring mail of the Devil's Advocate {rF-
                  | rN+ Will+ Str+9}
 10631 | Lair:1   | Entered Level 1 of the Lair of Beasts
 10779 | Lair:1   | Reached skill level 10 in Fighting
 10901 | Lair:1   | Received a gift from Okawaru
 12614 | Lair:1   | Reached skill level 10 in Armour
 12924 | Lair:2   | Noticed an eight-headed hydra
 13198 | Lair:1   | Killed an eight-headed hydra
 13888 | Lair:2   | Identified the +1 leather armour of Grace {rF+ rC+ MP+9}
 14032 | Lair:2   | Reached XP level 12. HP: 101/108 MP: 16/16
 14136 | Lair:2   | Found a hole to the Spider Nest.
 14164 | Lair:2   | Reached skill level 11 in Fighting
 14377 | Lair:3   | Received a gift from Okawaru
 14614 | Lair:3   | Reached skill level 1 in Evocations
 15308 | Lair:3   | Identified the +0 helmet of the Prince of Darkness {rF+
                  | Will++ Dex-4 Stlth+}
 15336 | Lair:3   | Identified the +1 leather armour of the Blind Marksman
                  | {Rampage Regen+ Int+4}
 15730 | Lair:4   | Found a basalt altar of Yredelemnul.
 15905 | Lair:4   | Found a staircase to the Shoals.
 16886 | Lair:5   | Noticed a four-headed hydra
 16895 | Lair:5   | Killed a four-headed hydra
 16896 | Lair:5   | Reached skill level 12 in Fighting
 16965 | Lair:5   | Received a gift from Okawaru
 17560 | Lair:5   | Noticed Sonja
 17584 | Lair:5   | Killed Sonja
 17584 | Lair:5   | Reached ****** piety under Okawaru
 17584 | Lair:5   | Received a gift from Okawaru
 17956 | Lair:5   | Reached XP level 13. HP: 79/119 MP: 18/18
 18259 | Lair:5   | Found a runed translucent door.
 18266 | Lair:5   | Found a viscous altar of Jiyva.
 18305 | Lair:5   | Reached skill level 10 in Dodging
 18347 | Lair:5   | Found a runed translucent door.
 18347 | Lair:5   | Found a shimmering altar of Xom.
 18347 | Lair:5   | Noticed Muulud's ghost (journeyman SpBe)
 18517 | Lair:5   | Found a staircase to the Slime Pits.
 18564 | Lair:6   | Entered Level 6 of the Lair of Beasts
 18960 | Lair:6   | Received a gift from Okawaru
 19124 | Lair:6   | Reached skill level 5 in Evocations
 19151 | Lair:6   | Identified the +5 great sword of Pestilence {holy, rPois
                  | rN+ SInv} (Okawaru gifted it to you on level 6 of the Lair
                  | of Beasts)
 19151 | Lair:6   | Received a gift from Okawaru
 19432 | Lair:6   | Reached skill level 13 in Fighting
 20216 | Lair:6   | Noticed a dire elephant
 20398 | Lair:6   | Killed a dire elephant
 20471 | Lair:6   | Identified the +8 falchion "Vyf Toime" {vorpal, Int+3
                  | Dex+4}
 20781 | D:11     | Reached skill level 10 in Invocations
 21050 | D:11     | Received a gift from Okawaru
 21058 | D:11     | Found a staircase to the Orcish Mines.
 21550 | Orc:1    | Entered Level 1 of the Orcish Mines
 21557 | Orc:1    | Noticed Urug
 21579 | Orc:1    | Killed Urug
 21579 | Orc:1    | Received a gift from Okawaru
 21669 | Orc:1    | Noticed Amaemon
 21702 | D:11     | Reached XP level 14. HP: 123/129 MP: 20/20
 21733 | Orc:1    | Received a gift from Okawaru
 21911 | Orc:1    | Killed Amaemon
 21915 | Orc:1    | Noticed Snorg
 21927 | Orc:1    | Killed Snorg
 22453 | Orc:2    | Entered Level 2 of the Orcish Mines
 22456 | Orc:2    | Received a gift from Okawaru
 22498 | Orc:2    | Found a staircase to the Elven Halls.
 22512 | Orc:2    | Found a flickering gateway to a bazaar.
 22578 | Bazaar   | Entered a bazaar
 22578 | Bazaar   | Found Muen's Distillery.
 22578 | Bazaar   | Found Xiwegren's Magic Scroll Emporium.
 22627 | Bazaar   | Found Hygir's Antique Weapon Boutique.
 22636 | Bazaar   | Found Plog's Weapon Emporium.
 22649 | Bazaar   | Found Dakk's Magic Scroll Shoppe.
 22687 | Bazaar   | Bought a scroll of teleportation for 24 gold pieces
 22687 | Bazaar   | Bought a scroll of enchant weapon for 60 gold pieces
 22687 | Bazaar   | Bought a scroll of blinking for 60 gold pieces
 22687 | Bazaar   | Bought a scroll of teleportation for 24 gold pieces
 22687 | Bazaar   | Bought a scroll of enchant armour for 60 gold pieces
 22694 | Bazaar   | Bought a potion of haste for 70 gold pieces
 22694 | Bazaar   | Bought a potion of berserk rage for 35 gold pieces
 22694 | Bazaar   | Bought a potion of resistance for 70 gold pieces
 22694 | Bazaar   | Bought a potion of heal wounds for 35 gold pieces
 22694 | Bazaar   | Bought a potion of heal wounds for 35 gold pieces
 22694 | Bazaar   | Bought 2 potions of curing for 42 gold pieces
 22694 | Bazaar   | Bought a potion of curing for 21 gold pieces
 22694 | Bazaar   | Bought a potion of mutation for 56 gold pieces
 22718 | Bazaar   | Bought the +8 storm bow {elec, penet} for 1164 gold pieces
 22718 | Bazaar   | Found the +8 storm bow {elec, penet}
 22914 | Orc:2    | Noticed Maurice
 22926 | Orc:2    | Killed Maurice
 23191 | Orc:2    | Reached skill level 1 in Bows
 23861 | Orc:2    | Reached skill level 14 in Fighting
 23861 | Orc:2    | Reached skill level 15 in Long Blades
 23937 | Orc:2    | Found Coiteyse's Antique Weapon Boutique.
 23937 | Orc:2    | Found Dipsocka's Magic Scroll Shoppe.
 24239 | Orc:2    | Found Xagh's Magic Scroll Boutique.
 24239 | Orc:2    | Found Xatzaze's Book Shoppe.
 24519 | Orc:2    | Noticed Rupert
 24533 | Orc:2    | Killed Rupert
 25837 | D:12     | Identified the -3 pair of gloves "Erofrenu" {rC- rN+ Will+}
                  | (Okawaru gifted it to you on level 12 of the Dungeon)
 25837 | D:12     | Received a gift from Okawaru
 26547 | Spider:1 | Entered Level 1 of the Spider Nest
 26861 | Spider:1 | Found a frozen archway.
 27044 | IceCv    | Entered an ice cave
 30596 | Spider:1 | Reached skill level 5 in Bows
 30843 | Spider:1 | Reached XP level 15. HP: 115/139 MP: 22/22
 30943 | Spider:1 | Got Pyckoes's Reference Book on Beguiling
 31592 | Spider:2 | Reached skill level 15 in Fighting
 32313 | Spider:2 | Noticed an emperor scorpion
 32328 | Spider:2 | Killed an emperor scorpion
 32950 | Spider:2 | Received a gift from Okawaru
 33831 | Spider:3 | Noticed an emperor scorpion
 33843 | Spider:3 | Killed an emperor scorpion
 34222 | Spider:3 | Identified the +6 triple sword of Xoriucrap {vorpal, Drain
                  | rElec Int+5} (Okawaru gifted it to you on level 3 of the
                  | Spider Nest)
 34222 | Spider:3 | Received a gift from Okawaru
 35002 | Spider:3 | Noticed Arachne
 35024 | Spider:3 | Killed Arachne
 36384 | D:13     | Received a gift from Okawaru
 36415 | D:13     | Reached skill level 16 in Fighting
 36415 | D:13     | Reached XP level 16. HP: 108/151 MP: 22/24
 36746 | D:13     | Identified the +0 leather armour of the Bagpipe {rPois}
 36999 | D:13     | Found a gate to the Vaults.
 37213 | D:14     | Received a gift from Okawaru
 37603 | D:14     | Noticed Roxanne
 38453 | Spider:4 | Entered Level 4 of the Spider Nest
 38818 | Spider:3 | Identified the +10 longbow "Vuelas" {venom, Int+4 Dex+2}
                  | (Okawaru gifted it to you on level 3 of the Spider Nest)
 38818 | Spider:3 | Received a gift from Okawaru
 40972 | Spider:4 | Received a gift from Okawaru
 41819 | Spider:4 | Reached skill level 17 in Fighting
 42471 | Spider:4 | Reached skill level 10 in Bows
 42493 | Spider:4 | Received a gift from Okawaru
 42493 | Spider:4 | Found the +18 shield of the Gong {rElec rN+ Will+ EV-5}
 42894 | Spider:4 | Got a gossamer rune of Zot
 43158 | Shoals:1 | Entered Level 1 of the Shoals
 43810 | Shoals:1 | Reached XP level 17. HP: 128/161 MP: 19/26
 43851 | Shoals:1 | Reached skill level 15 in Dodging
 47805 | Shoals:2 | Received a gift from Okawaru
 48778 | Shoals:3 | Received a gift from Okawaru
 49445 | Shoals:4 | Entered Level 4 of the Shoals
 49465 | Shoals:4 | Identified the -2 helmet "Abley" {rElec rF+ rC+}
 49509 | Shoals:4 | Noticed Polyphemus
 49527 | Shoals:4 | Killed Polyphemus
 49528 | Shoals:4 | Reached skill level 18 in Fighting
 50049 | Shoals:4 | Received a gift from Okawaru
 50907 | Shoals:4 | Identified the +0 robe of a bailey {Str+4 Int+4} (Okawaru
                  | gifted it to you on level 4 of the Shoals)
 50907 | Shoals:4 | Received a gift from Okawaru
 51266 | Shoals:4 | Identified the ring "Jonolog" {*Slow rC+ rN+ Dex+4}
 52511 | Shoals:4 | Reached XP level 18. HP: 162/172 MP: 27/27
 52583 | Shoals:4 | Got a barnacled rune of Zot
 52885 | Vaults:1 | Entered Level 1 of the Vaults
 53467 | Vaults:1 | Received a gift from Okawaru
 54076 | Vaults:1 | Received a gift from Okawaru
 54582 | Vaults:1 | Received a gift from Okawaru
 55327 | Vaults:1 | Received a gift from Okawaru
 55770 | Vaults:1 | You fall into a shaft and drop 1 floor!
 55827 | Vaults:2 | Received a gift from Okawaru
 55961 | Vaults:2 | Reached skill level 19 in Fighting
 56253 | Vaults:2 | Reached skill level 15 in Bows
 56287 | Vaults:2 | Received a gift from Okawaru
 58052 | Vaults:2 | Identified the +1 plate armour of the Candlemaker {-Tele
                  | Rampage rCorr Str+9} (Okawaru gifted it to you on level 2
                  | of the Vaults)
 58052 | Vaults:2 | Received a gift from Okawaru
 58402 | Vaults:2 | Reached XP level 19. HP: 160/183 MP: 28/28
 58477 | Vaults:2 | Noticed Zenata
 58494 | Vaults:2 | Killed Zenata
 59496 | Vaults:2 | Reached skill level 15 in Armour
 59957 | Vaults:2 | Got the Collected Works on Ashen Poison
 60533 | Vaults:2 | Found Foahec's Antique Weapon Emporium.
 60731 | Vaults:2 | Identified the +5 shortbow "Bysiomo" {speed, rCorr Int+3
                  | Dex-4 SInv} (Okawaru gifted it to you on level 2 of the
                  | Vaults)
 60731 | Vaults:2 | Received a gift from Okawaru
 61685 | Vaults:3 | Found a flickering gateway to a bazaar.
 61693 | Bazaar   | Entered a bazaar
 61693 | Bazaar   | Found Wytaicw's Book Boutique.
 61695 | Bazaar   | Found Zibbur's Weapon Boutique.
 61775 | Bazaar   | Found Umikuf's Assorted Antiques.
 61782 | Bazaar   | Found Iguolebb's Assorted Antiques.
 61797 | Bazaar   | Bought a potion of might for 108 gold pieces
 61797 | Bazaar   | Bought an embroidered cloak for 202 gold pieces
 61797 | Bazaar   | Bought a potion of might for 108 gold pieces
 61797 | Bazaar   | Bought 2 potions of lignification for 162 gold pieces
 61826 | Bazaar   | Bought a scroll labelled KODGHESOBLUT for 24 gold pieces
 61826 | Bazaar   | Bought a potion of heal wounds for 120 gold pieces
 61826 | Bazaar   | Bought 2 potions of heal wounds for 240 gold pieces
 61861 | Vaults:3 | Reached skill level 20 in Fighting
 62208 | Vaults:3 | Received a gift from Okawaru
 62264 | Vaults:3 | Noticed Jory
 63166 | Vaults:3 | Received a gift from Okawaru
 63398 | Vaults:3 | Killed Jory
 63507 | Vaults:3 | Found a staircase to the Crypt.
 63507 | Vaults:3 | Found an ancient bone altar of Kikubaaqudgha.
 63511 | Vaults:3 | Found a basalt altar of Yredelemnul.
 63634 | Vaults:3 | Noticed Donald
 63651 | Vaults:3 | Killed Donald
 63738 | Vaults:3 | Identified the -3 buckler "Earthly Heaven" {Str+4} (Okawaru
                  | gifted it to you on level 3 of the Vaults)
 63738 | Vaults:3 | Received a gift from Okawaru
 63791 | Vaults:3 | Noticed Margery
 63810 | Vaults:3 | Killed Margery
 64463 | Vaults:3 | Reached XP level 20. HP: 149/195 MP: 29/29
 66441 | Vaults:4 | Found Huboam's Assorted Antiques.
 66455 | Vaults:4 | Bought a potion of curing for 69 gold pieces
 68369 | Vaults:4 | Reached skill level 21 in Fighting
 68548 | Vaults:4 | Received a gift from Okawaru
 68558 | Vaults:4 | Received a gift from Okawaru
 69027 | D:15     | Entered Level 15 of the Dungeon
 69241 | D:15     | Found a staircase to the Depths.
 69363 | D:15     | Received a gift from Okawaru
 69774 | D:15     | Received a gift from Okawaru
 70612 | Depths:1 | Entered Level 1 of the Depths
 70637 | Depths:1 | Received a gift from Okawaru
 71189 | D:15     | Received a gift from Okawaru
 72556 | Depths:1 | Found Daiticu's Overcharged Wands.
 72580 | Depths:1 | Identified the ring of Vyxe {rC- Will+ MP+9 Str+4}
 72774 | Depths:1 | Found a gateway to Hell.
 72909 | Depths:1 | Found a one-way gate leading to the halls of Pandemonium.
 72916 | Depths:1 | Received a gift from Okawaru
 72920 | Depths:1 | Reached XP level 21. HP: 162/205 MP: 30/30
 73320 | Depths:2 | Found a one-way gateway to a ziggurat.
 73351 | Depths:2 | Found a broken altar of Ashenzari.
 73807 | Depths:2 | Received a gift from Okawaru
 73858 | Depths:2 | Received a gift from Okawaru
 73910 | Depths:2 | Received a gift from Okawaru
 75122 | Depths:2 | Noticed a golden dragon
 75154 | Depths:2 | Reached skill level 22 in Fighting
 75154 | Depths:2 | Killed a golden dragon
 75154 | Depths:2 | Received a gift from Okawaru
 76189 | Depths:2 | Noticed a golden dragon
 77386 | Vaults:5 | Entered Level 5 of the Vaults
 77449 | Vaults:5 | Received a gift from Okawaru
 77728 | Vaults:5 | Received a gift from Okawaru
 78433 | Vaults:5 | Noticed an ancient lich
 78449 | Vaults:5 | Killed an ancient lich
 78449 | Vaults:5 | Received a gift from Okawaru
 78506 | Vaults:5 | Identified the +9 arbalest "Wago Sitz" {elec, rCorr Int+6}
 78857 | Vaults:5 | Reached XP level 22. HP: 136/215 MP: 31/31
 79048 | Vaults:5 | Identified the +0 leather armour of Card Tricks {Regen+}
 79051 | Vaults:5 | Got a silver rune of Zot
 79053 | Vaults:5 | Got the Collected Works on Flames
 79089 | Vaults:5 | Identified the +3 buckler "Keur" {rElec} (Okawaru gifted it
                  | to you on level 5 of the Vaults)
 79089 | Vaults:5 | Received a gift from Okawaru
 79111 | Vaults:5 | Reached skill level 1 in Staves
 79188 | Vaults:5 | Noticed a dread lich
 79215 | Vaults:5 | Killed a dread lich
 79223 | Vaults:5 | Noticed a dread lich
 79249 | Vaults:5 | Killed a dread lich
 79436 | Vaults:5 | Noticed a golden dragon
 79449 | Vaults:5 | Killed a golden dragon
 79699 | Vaults:5 | Reached skill level 23 in Fighting
 80128 | Vaults:5 | Received a gift from Okawaru
 80179 | Vaults:5 | Received a gift from Okawaru
 81558 | Depths:3 | Received a gift from Okawaru
 81640 | Depths:3 | Identified the amulet "Meawod" {Spirit -Tele rC+ Regen+
                  | Dex+2}
 82018 | Depths:3 | Found a runed translucent door.
 82019 | Depths:3 | Noticed Muhabiwk's ghost (adept GnBr)
 82122 | Depths:3 | Reached skill level 5 in Staves
 82425 | Depths:3 | Received a gift from Okawaru
 82572 | Depths:3 | You fall into a shaft and drop 1 floor!
 82572 | Depths:4 | Entered Level 4 of the Depths
 82605 | Depths:4 | Received a gift from Okawaru
 82788 | Depths:4 | Received a gift from Okawaru
 82803 | Depths:4 | Noticed a caustic shrike
 82825 | Depths:4 | Killed a caustic shrike
 82859 | Depths:4 | Found an ancient bone altar of Kikubaaqudgha.
 82962 | Depths:4 | Found a flickering gateway to a bazaar.
 82974 | Bazaar   | Entered a bazaar
 83087 | Bazaar   | Found Xeofaz's Jewellery Boutique.
 83109 | Bazaar   | Found Gedeojyi's Antique Weapon Emporium.
 83130 | Bazaar   | Found Hoklaist's Assorted Antiques.
 83135 | Bazaar   | Bought a wand of iceblast (4) for 96 gold pieces
 83135 | Bazaar   | Bought a scroll of enchant armour for 180 gold pieces
 83135 | Bazaar   | Bought a potion of haste for 240 gold pieces
 83150 | Bazaar   | Found Bokuma's Antique Armour Shoppe.
 83298 | Depths:4 | Noticed a caustic shrike
 83299 | Depths:4 | Noticed a caustic shrike
 83308 | Depths:4 | Killed a caustic shrike
 83313 | Depths:4 | Killed a caustic shrike
 83424 | Depths:4 | Noticed a caustic shrike
 83436 | Depths:4 | Killed a caustic shrike
 83437 | Depths:4 | Reached XP level 23. HP: 109/229 MP: 32/32
 83713 | Depths:4 | Found a gate to the Realm of Zot.
 84373 | Zot:1    | Entered Level 1 of the Realm of Zot
 84410 | Zot:1    | Reached skill level 24 in Fighting
 86215 | Zot:2    | Received a gift from Okawaru
 86802 | Zot:2    | Received a gift from Okawaru
 87467 | Zot:2    | Identified the +6 shortbow of Prescription {flame, +Blink
                  | rN+++ Str-3 Dex+4} (Okawaru gifted it to you on level 2 of
                  | the Realm of Zot)
 87467 | Zot:2    | Received a gift from Okawaru
 89972 | Zot:3    | Reached skill level 10 in Evocations
 90456 | Zot:3    | HP: 5/232 [green draconian monk (16)]
 90457 | Zot:3    | Slain by a green draconian monk

Illustrated notes

Levels and vault maps discovered:
D:1:      onia_arrival_handbag, layout_basic, minmay_heptomino_l4
D:2:      layout_basic, shapermc_ecumenical_altar_petra, uniq_sigmund
D:3:      layout_basic
D:4:      layout_cave_pools
D:5:      layout_loops_ring, kennysheep_generic_room_12
D:6:      layout_loops_corners, chequers_temple_overflow_minitemple
D:7:      layout_loops_ring, grunt_gozag_statues, minmay_temple_entry_ruins
D:8:      layout_loops_ring
D:9:      layout_roguey, mainiacjoe_overflow_paths,
          nicolae_overflow_hidden_temple
D:10:     layout_irregular_city, david_lair_generic, eino_jars
D:11:     layout_rooms, david_orc_2
D:12:     layout_layer_cave
D:13:     layout_cave_pools, grunt_vaults_entry_fortified
D:14:     layout_loops_cross, chequers_arboretum, uniq_roxanne
D:15:     grunt_enter_depths_snipers, layout_basic, special_room
          [special_room_orc]
Lair:1:   layout_layer_cave, minmay_holes, serial_bayou_ford_a
Lair:2:   layout_big_grid, nicolae_spider_entry_orb_guardian,
          dreamdust_gnoll_shepherd, infiniplex_staircase_pool_2
Lair:3:   layout_cave_pods
Lair:4:   layout_regular_city, elwin_shoals_entry_rocks, basic_altar,
          lemuel_fruit_tree, serial_bayou_shore_a
Lair:5:   layout_loops_ring, slime_altar_2, ebering_ghost_xom,
          patterned_corridor, uniq_sonja
Lair:6:   grunt_lair_end_beastmaster, layout_concentric_octagons
Shoals:1: layout_shoals
Shoals:2: layout_shoals
Shoals:3: layout_shoals
Shoals:4: shoals_end_hellmonk_lost_city, serial_shops, uniq_polyphemus
Spider:1: layout_spider_delve, portal_ice_cave_entry_ice_statue_one
Spider:2: layout_spider_delve, drop_trap, hangedman_spider_tarantella_strand
Spider:3: layout_cave_pods, drop_trap, uniq_arachne
Spider:4: grunt_spider_rune_circles, nicolae_spider_twisty_arc_passages
Orc:1:    minmay_goldmine, layout_caves, uniq_urug, uniq_amaemon, uniq_snorg
Orc:2:    st_orc_town, layout_diamond_mine, serial_shops, bzr_entry_gold,
          uniq_rupert, uniq_maurice
Vaults:1: v_misc_18, vaults_mumra_hexcomb, ontoclasm_vaults_decontamination,
          nicolae_vaults_triangles, nicolae_vaults_ninety_degrees, v_misc_22,
          v_misc_26, nicolae_vaults_border_crossing, grunt_vaults_hallway_short,
          vaults_dpeg_cross, nicolae_vaults_little_squares_6,
          ontoclasm_vaults_pinch, nicolae_vaults_little_squares_4,
          nicolae_vaults_little_squares_3, layout_vaults_ring
Vaults:2: nicolae_vaults_inception_network,
          nicolae_vaults_windows_and_doors_thing, v_misc_19, v_pattern_3,
          nicolae_vaults_little_squares_1, v_misc_28, ontoclasm_vaults_chip,
          nicolae_vaults_little_squares_5, hangedman_vaults_nails,
          dpeg_vaults_monster_row, layout_vaults_omnibox, serial_shops,
          nicolae_shop_overgrown_old_shop, uniq_zenata
Vaults:3: minmay_crypt_entry_necro_gods, vaults_standard_mumra_lines,
          nicolae_vaults_puzzle_piece, nicolae_vaults_rhombus_6,
          nicolae_vaults_arrows, v_misc_15, vaults_room_semicircle,
          nicolae_vaults_rhombus_6, nicolae_vaults_network_quinsquares
          [nicolae_vaults_network_quincunx_subvault,
          nicolae_vaults_network_quincunx_subvault,
          nicolae_vaults_network_quincunx_subvault,
          nicolae_vaults_network_quincunx_subvault],
          nicolae_vaults_little_squares_2, ontoclasm_vaults_chip,
          nicolae_vaults_little_squares_3, layout_vaults_big_cross,
          serial_shops, bzr_in_the_mist, uniq_margery, uniq_jory, uniq_donald
Vaults:4: nicolae_vaults_an_arrangement, nicolae_vaults_rhombus_7,
          vaults_room_door_ring, hangedman_vaults_slice,
          nicolae_vaults_little_ls, nicolae_vaults_asterisk, v_misc_5, v_misc_1,
          v_misc_3, serial_ice_h, layout_vaults_big_room, serial_shops,
          nicolae_lakefront_shop
Vaults:5
Depths:1: layout_cave_shapes, rand_demon_pan_entry_1,
          hangedman_tar_grid_catacomb, nicolae_shop_overcharged_wands
Depths:2: grunt_deathspiral_small, layout_twisted_cross, enter_ziggurat_e,
          rand_demon_pan_entry_3, hell_entry, nicolae_ashenzari_panopticon,
          kennysheep_random_hallway
Depths:3: cheibrodos_witchhunters_guild, layout_cave_shapes, grunt_hell_horde,
          ebering_ghost_inner_flame, abyss_entry, hangedman_decor_slide_cut
Depths:4: evilmike_zot_entry_round, layout_basic, kiku_gazebo_pond_becter,
          hell_entry, pan_entry, serial_shops, bzr_entry_lakeside
Zot:1:    layout_misc_corridors, hangedman_hellfire_club
Zot:2:    layout_cathedral_of_symmetry
Zot:3:    kennysheep_room_grid, layout_cellular_growth, grunt_megastairs_3

Skill      XL: |  1  2  3  4  5  6  7  8  9 10 11 12 13 14 15 16 17 18 19 20 21 22 23 |
---------------+----------------------------------------------------------------------+-----
Long Blades    | 4 5 6 8 9 11 13 14 15 16 | 16.9
Armour         | 1 2 3 4 6 7 9 10 11 12 13 14 16 17 18 | 18.8
Fighting       | 3 4 5 6 8 9 10 12 13 14 16 17 18 19 20 21 22 23 24 | 24.5
Dodging        | 4 5 6 8 9 11 12 13 14 15 16 17 19 | 19.9
Invocations    | 3 5 7 8 10 11 12 13 14 | 14.4
Evocations     | 4 5 8 10 | 10.0
Throwing       | 4 |  4.2
Bows           | 5 7 10 13 15 18 20 22 | 22.0
Staves         | 6 7 |  7.6

Action                   |  1- 3 |  4- 6 |  7- 9 | 10-12 | 13-15 | 16-18 | 19-21 | 22-24 || total
-------------------------+-------+-------+-------+-------+-------+-------+-------+-------++-------
Melee: Long sword        |    58 |    72 |   234 |   554 |   211 |       |       |       ||  1129
       Headbutt          |     5 |    12 |    49 |   140 |   332 |   312 |   202 |    70 ||  1122
       Spear             |    38 |     1 |    29 |    14 |   135 |       |       |       ||   217
       Punch             |       |       |     2 |    14 |    40 |    26 |    25 |     6 ||   113
       Dagger            |       |       |       |    25 |       |       |       |       ||    25
       Mace              |       |       |       |    74 |       |       |    24 |       ||    98
       Scimitar          |       |       |       |       |   700 |  1018 |   120 |       ||  1838
       Great sword       |       |       |       |       |   227 |     6 |       |       ||   233
       Demon blade       |       |       |       |       |       |       |   480 |   129 ||   609
       Staff             |       |       |       |       |       |       |       |    84 ||    84
 Fire: Longbow           |       |       |       |       |   275 |   827 |  1317 |   968 ||  3387
Throw: Throwing net      |       |     3 |       |     2 |       |       |       |       ||     5
       Dart              |       |       |       |       |     2 |       |     5 |       ||     7
Invok: Heroism           |       |       |     2 |    10 |    45 |    39 |    34 |    10 ||   140
       Finesse           |       |       |       |     2 |    11 |    13 |    17 |    11 ||    54
Evoke: Wand              |       |       |       |    31 |       |     3 |     4 |       ||    38
       Condenser vane    |       |       |       |       |       |       |     1 |       ||     1
  Use: Scroll            |       |    13 |     5 |    10 |     9 |     4 |    15 |     9 ||    65
       Potion            |       |       |     1 |     1 |     1 |     4 |     4 |     8 ||    19
 Stab: Distracted        |     1 |       |       |       |       |       |       |       ||     1
       Sleeping          |     1 |       |       |       |       |       |       |       ||     1
       Held in net/web   |       |       |       |     1 |       |       |       |       ||     1
Armor: Leather armour    |    20 |       |       |    18 |       |       |    15 |   132 ||   185
       Ring mail         |       |    35 |    88 |       |       |       |       |       ||   123
       Scale mail        |       |       |    18 |   349 |   346 |       |   272 |       ||   985
       Chain mail        |       |       |       |       |   345 |   854 |    74 |       ||  1273
       Gold dragon scale |       |       |       |       |       |       |       |    60 ||    60
Dodge: Dodged            |    46 |    76 |   135 |   466 |   852 |  1003 |   693 |   467 ||  3738
Block: Other             |       |       |       |       |    64 |   223 |       |       ||   287
       Reflection        |       |       |       |       |     2 |     8 |       |       ||    10

Table legend: (Time is in decaauts)
 A = Elapsed time spent in this place.
 B = Non-inter-level travel time spent in this place.
 C = Inter-level travel time spent in this place.
 D = Time resting spent in this place.
 E = Time spent auto-exploring this place.
 F = Levels seen in this place.
 G = Mean time per level.
                   A        B        C        D        E       F      G
               +--------+--------+--------+--------+--------+-----+--------+
         Total |  89007 |  83506 |   5501 |  39773 |  28453 |  47 | 1893.8 |
       Dungeon |  19464 |  17627 |   1837 |   5197 |   9425 |  15 | 1297.6 |
          Lair |  10588 |   9684 |    904 |   3637 |   4482 |   6 | 1764.7 |
        Shoals |   9243 |   8946 |    297 |   5694 |   1401 |   4 | 2310.8 |
   Spider Nest |  10907 |  10368 |    539 |   6147 |   1855 |   4 | 2726.8 |
  Orcish Mines |   2938 |   2834 |    104 |    774 |   1239 |   2 | 1469.0 |
        Vaults |  19376 |  18528 |    848 |   9744 |   5773 |   5 | 3875.2 |
        Depths |   8312 |   7495 |    817 |   3756 |   2400 |   4 | 2078.0 |
           Zot |   4636 |   4486 |    150 |   2468 |   1506 |   3 | 1545.3 |
        Bazaar |    536 |    536 |      0 |      0 |    361 |   3 |  178.7 |
      Ice Cave |   3005 |   3005 |      0 |   2351 |     10 |   1 | 3005.0 |
               +--------+--------+--------+--------+--------+-----+--------+

Top non-repeatable levels by time:
Vaults:1: 4563 daAuts
Spider:3: 4332 daAuts
Vaults:2: 4179 daAuts
Depths:2: 3783 daAuts
Vaults:4: 3713 daAuts
Vaults:3: 3588 daAuts
Vaults:5: 3332 daAuts
  Lair:1: 3016 daAuts
   IceCv: 3005 daAuts
   Zot:2: 2957 daAuts
Shoals:4: 2821 daAuts
    D:15: 2801 daAuts
Spider:4: 2663 daAuts
Shoals:2: 2288 daAuts
Shoals:1: 2116 daAuts
